Unix NetHack Version 5.0.0-0 post-release - last build May 17 2026 04:57:42 (dc50c8380fa5e20985bfe3072449f57b8d9895ef,branch:main).

Game began 2026-05-20 15:11:18, ended 2026-05-20 19:06:18.

Japes, lawful female human Valkyrie

             ---      -
             -..      .--
             ....     G.|
             -....    ..|
             |...G.    .----     ----
           ---.....    ....     ....
            ........   ...----....--- ..-
               ......--.................|
                -.......................-
                |......h......>...
                 -.....@....|
                 -.  --.- ---
                       .
                      ---

Japes the Stripling         St:17 Dx:16 Co:18 In:7 Wi:9 Ch:8  Lawful
Dlvl:4  $:32 HP:0(21) Pw:4(4) AC:1  Xp:2/36 T:1151 

Latest messages:
 The gecko misses!
 Killer misses the gecko.
 Killer misses the gecko.
 You miss the gecko.
 Killer bites the gecko.
 The gecko is killed!
 You see here a gecko corpse.
 There is a gecko corpse here; eat it? [ynq] (n)
 Blecch!  Rotten food!
 You see here a dark blue spellbook.
 r - a dark blue spellbook.
 Killer misses it.
 Killer misses the hobbit.
 Killer bites the hobbit.
 The hobbit hits Killer.
 Killer is killed!
 You find a hidden passage.
 You miss the grid bug.
 You miss the grid bug.
 The grid bug misses!
 You kill the grid bug!
 The grid bug bites!
 You get zapped!
 You kill the grid bug!
 You kill the giant rat!
 The door opens.
 You find a hidden passage.
 With great effort you move the boulder.
 You try to move the boulder, but in vain.
 You try to move the boulder, but in vain.
 You try to move the boulder, but in vain.
 You attack thin air.
 You see here a little dog corpse named Killer.
 You descend the stairs.
 The gnome picks up a gem.
 The dwarf wields a pick-axe!
 You feel more confident in your weapon skills.
 (Tip: use the #enhance command to advance them.)
 You hit the dwarf.
 The dwarf swings her pick-axe.
 The dwarf hits!
 You hit the dwarf.
 You miss the dwarf.
 The dwarf swings her pick-axe.
 The dwarf hits!
 You hit the dwarf.
 The dwarf swings her pick-axe.
 The dwarf hits!
 You die...
 Do you want your possessions identified? [ynq] (y)

Inventory:
 Coins    ('$')
  $ - 32 gold pieces
 Amulets  ('"')
  p - an uncursed amulet of flying
 Weapons  (')')
  h - 23 +0 darts
  b - a +0 dagger (alternate weapon; not wielded)
  a - a +1 spear
  f - a blessed +1 long sword (weapon in right hand)
 Armor    ('[')
  c - a blessed +3 small shield (being worn)
  m - an uncursed +0 chain mail (being worn)
 Comestibles  ('%')
  j - 2 uncursed cram rations
  d - an uncursed food ration
  k - an uncursed egg
  l - an uncursed lichen corpse
 Scrolls  ('?')
  g - an uncursed scroll of food detection
  q - an uncursed scroll of identify
  n - an uncursed scroll of teleportation
 Spellbooks  ('+')
  r - an uncursed spellbook of remove curse
 Potions  ('!')
  o - a blessed potion of booze
 Gems/Stones  ('*')
  i - a cursed worthless piece of orange glass
  e - an uncursed worthless piece of yellowish brown glass

Japes the Valkyrie's attributes:

Background:
 You were a Stripling, a level 2 human Valkyrie.
 You were lawful, nominally on a mission for Tyr
 who was opposed by Odin (neutral) and Loki (chaotic).
 You were right-handed.
 You were in the Gnomish Mines, on level 4.
 You entered the dungeon 1151 turns ago.
 You had 36 experience points, 4 more were needed to attain level 3.

Basics:
 You had 0 out of 21 hit points.
 You had all 4 energy points (spell power).
 Your armor class was 1.
 Your wallet contained 32 zorkmids.
 Autopickup was on for '$' plus thrown.

Final Characteristics:
 Your strength was 17 (limit:18/100).
 Your dexterity was 16 (limit:18).
 Your constitution was 18 (limit:18).
 Your intelligence was 7 (limit:18).
 Your wisdom was 9 (limit:18).
 Your charisma was 8 (limit:18).

Final Status:
 You weren't hungry.
 You were unencumbered.
 You were wielding a long sword.
 You were unskilled in long sword and could have enhanced that.

Final Attributes:
 You were devoutly aligned.
 You were cold resistant.
 You were warded.
 You are dead.

Miscellaneous:
 You didn't encounter any bones levels.
 Total elapsed playing time was 11 minutes and 34 seconds.

Major events:
 Turn
    1: Japes the lawful human Valkyrie entered the dungeon
  890: entered the Gnomish Mines
 1151: killed by a dwarf

You didn't know any spells.

Skills:
 Fighting Skills
   bare handed combat [Unskilled]
   two weapon combat  [Unskilled]
   riding             [Unskilled]
 Weapon Skills
   dagger             [Basic]
   axe                [Unskilled]
   pick-axe           [Unskilled]
   short sword        [Unskilled]
   broadsword         [Unskilled]
   long sword         [Unskilled]
   two-handed sword   [Unskilled]
   saber              [Unskilled]
   hammer             [Unskilled]
   quarterstaff       [Unskilled]
   polearms           [Unskilled]
   spear              [Basic]
   trident            [Unskilled]
   lance              [Unskilled]
   sling              [Unskilled]
 Spellcasting Skills
   attack spells      [Unskilled]
   escape spells      [Unskilled]

Voluntary challenges:
 Character rerolling was not enabled.
 You were an atheist.
 You never genocided any monsters.
 You never polymorphed an object.
 You never changed form.
 You used no wishes.
Achievements:
 You entered a shop.
 You entered the Gnomish Mines.

 The Dungeons of Doom: levels 1 to 3
    Level 1:
       A fountain, a sink.
    Level 2:
       A general store.
    Level 3:
       A fountain.
       Stairs down to The Gnomish Mines.
 The Gnomish Mines:
    Level 4: <- You were here.
       Final resting place for
          you, killed by a dwarf.


Vanquished creatures:
  a little dog
  a giant rat
  2 geckos
  3 jackals
  a fox
  2 kobolds
  a sewer rat
  3 grid bugs
  a lichen
  5 newts
20 creatures vanquished.

No species were genocided or became extinct.

Game over:
                       ----------
                      /          \
                     /    REST    \
                    /      IN      \
                   /     PEACE      \
                  /                  \
                  |      Japes       |
                  |      32 Au       |
                  |   killed by a    |
                  |      dwarf       |
                  |                  |
                  |                  |
                  |       2026       |
                 *|     *  *  *      | *
        _________)/\\_//(\/(/\)/\//\/|_)_______

Farvel Japes the Valkyrie...

You died in The Gnomish Mines on dungeon level 4 with 333 points,
and 32 pieces of gold, after 1151 moves.
You were level 2 with a maximum of 21 hit points when you died.

